 Dungeon Crawl Stone Soup version 0.23-a0-417-gf02c810 (webtiles) character file.

9 Amnesiac the Sneak (level 2, 0/11 HPs)
             Began as a Felid Earth Elementalist on Nov 10, 2018.
             Was an Initiate of Dithmenos.
             Slain by an ooze (5 damage)
             ... on level 1 of the Dungeon.
             The game lasted 00:00:54 (244 turns).

Amnesiac the Sneak (Felid Earth Elementalist)        Turns: 244, Time: 00:00:55

Health: 0/11       AC:  1    Str:  4    XL:     2   Next: 6%
Magic:  5/6        EV: 18    Int: 16    God:    Dithmenos [......]
Gold:   2          SH:  0    Dex: 16    Spells: 4/5 levels left
                                        Lives:  0   Deaths: 0

rFire    . . .     SeeInvis +     - Unarmed
rCold    . . .     Gourm    .   (shield unavailable)
rNeg     . . .     Faith    .   (armour unavailable)
rPois    .         Spirit   .   (helmet unavailable)
rElec    .         Reflect  .   (cloak unavailable)
rCorr    .         Harm     .   (gloves unavailable)
MR       .....                  (boots unavailable)
Stlth    +++.......             (no amulet)
HPRegen  0.03/turn              (no ring)
MPRegen  0.10/turn              (no ring)

@: quick
A: very small, no armour, no weapons or thrown items, stealth, claws 1, fangs 3,
see invisible, carnivore, speed 1, shaggy fur 1, slow metabolism 1, sharp paws
a: Renounce Religion


You were on level 1 of the Dungeon.
You worshipped Dithmenos.
Dithmenos was noncommittal.
You were completely stuffed.

You visited 1 branch of the dungeon, and saw 2 of its levels.

You collected 2 gold pieces.

Inventory:

Missiles
 b - 24 stones
Scrolls
 d - a scroll of immolation {!r, unknown}
 e - a scroll of remove curse {!r, unknown}
Potions
 a - a potion of might {!q, unknown}
Comestibles
 c - 2 rations
 f - 2 chunks of flesh


   Skills:
 - Level 2.6 Dodging
 - Level 3.0 Stealth
 + Level 1.1 Unarmed Combat
 - Level 2.0 Spellcasting
   Level 1.1 Transmutations
 - Level 2.8 Earth Magic


You had 4 spell levels left.
You knew the following spells:

 Your Spells              Type           Power        Failure   Level  Hunger
a - Sandblast             Erth           ##....       7%          1    #......

Your spell library contained the following spells:

 Spells                   Type           Power        Failure   Level  Hunger
 Passwall                 Tmut/Erth      #.......     14%         2    ###....
 Stone Arrow              Conj/Erth      #.....       34%         3    ###....
 Petrify                  Tmut/Erth      #.......     67%         4    #####..
 Lee's Rapid Deconstruct  Erth           ##........   88%         5    ######.


Dungeon Overview and Level Annotations

Branches:
Dungeon (2/15)

Altars:
Dithmenos


Innate Abilities, Weirdness & Mutations

You cannot wear armour.
You are incapable of wielding weapons or throwing items.
Your paws allow you to move quietly. (Stealth)
You have sharp claws.
You have razor-sharp teeth.
You have supernaturally acute eyesight. (SInv)
You are carnivorous and can eat meat at any time.
You cover ground quickly.
You are covered in fur. (AC +1)
You have a slow metabolism.
Your sharp claws are effective at attacking unaware monsters.


Message History

Aim: a goblin, wielding a +0 club (heavily wounded)
The blast of sand hits the goblin.
You kill the goblin!
Dithmenos accepts your kill.
You have reached level 2!
b - 25 stones Unknown command.
Things that are here:
a +0 club; a goblin corpse You butcher the goblin corpse.
f - 2 chunks of flesh
Things that are here:
a +0 club; a goblin skeleton There isn't anything here!
Things that are here:
a +0 club; a goblin corpse You butcher the goblin corpse.
f - 5 chunks of flesh (gained 3)
Things that are here:
a +0 club; a goblin skeleton Eating one of 5 chunks of flesh.
You eat one of the 5 chunks of flesh.
This raw flesh tastes great.
Eating one of 4 chunks of flesh.
You eat one of the 4 chunks of flesh.
This raw flesh tastes great.
Eating one of 3 chunks of flesh.
You eat one of the 3 chunks of flesh.
This raw flesh tastes great.
c - 2 rations (gained 1)
e - a scroll labeled QOIHIPTEFAD {!r} You open the door.
A frilled lizard comes into view.
The frilled lizard hisses angrily.
There is an open door here.
The frilled lizard closely misses you.
You closely miss the frilled lizard. The frilled lizard misses you.
You barely miss the frilled lizard. The frilled lizard closely misses you.
You miss the frilled lizard. The frilled lizard misses you.
You scratch the frilled lizard.
The frilled lizard is heavily wounded.
The frilled lizard completely misses you.
You scratch the frilled lizard.
You kill the frilled lizard!
Dithmenos accepts your kill.
An ooze comes into view.
An ooze is nearby!
The ooze barely misses you.
You scratch the ooze but do no damage. The ooze closely misses you.
You scratch the ooze but do no damage. The ooze hits you.
* * * LOW HITPOINT WARNING * * *
You scratch the ooze.
The ooze is lightly wounded.
The ooze misses you.
You barely miss the ooze.
The ooze is lightly wounded.
Unknown command.
Casting: Sandblast (safe; 7% risk of failure)
Confirm with . or Enter, or press ? or * to list all spells.
Aiming: Sandblast (safe; 7% risk of failure)
Press: ? - help, Shift-Dir - straight line, f - ooze
Aim: an ooze (lightly wounded)
The blast of sand hits the ooze.
The ooze is heavily wounded.
b - 24 stones The ooze hits you.
You die...

#.......####.....#.#####
#.......'...............
#.......#...............
#######.#...............
#.#...............
#.#...............
#.#.###+###.#####. #.#.#
#.# #. #@#.# #.# #. #J#
#. #.# #. #.# .. ... ...
### #. #. .. #.


You could see an ooze.

Vanquished Creatures
  A giant cockroach (D:1)
  3 goblins (D:1)
  A hobgoblin (D:1)
  3 frilled lizards (D:1)
  A rat (D:1)
9 creatures vanquished.

Notes
Turn   | Place    | Note
-------+----------+-------------------------------------------
     0 | D:1      | Amnesiac the Felid Earth Elementalist began the quest for
                  | the Orb.
     0 | D:1      | Reached XP level 1. HP: 7/7 MP: 4/4
    49 | D:2      | Found a shadowy altar of Dithmenos.
    55 | D:2      | Became a worshipper of Dithmenos the Shadowed
    96 | D:1      | Reached skill level 3 in Stealth
   187 | D:1      | Reached skill level 1 in Unarmed Combat
   188 | D:1      | Reached XP level 2. HP: 4/11 MP: 1/6
   244 | D:1      | Slain by an ooze

Vault maps used:
D:1:      saegor_arrival_under_anarchy, solitary_fountain,
          minmay_misc_feat_columns, st_stairs_14
D:2:      grunt_dithmenos_smoke, marbit_many_paths, uniq_natasha

Skill      XL: |  1 |
---------------+----+-----
Stealth        | 3 |  3.0
Unarmed Combat | 1 |  1.1
Dodging        | |  2.6
Spellcasting   | |  2.0
Transmutations | |  1.1
Earth Magic    | |  2.8

Action                   || total
-------------------------++-------
Melee: Unarmed           ||    15
 Cast: Sandblast         ||     6
 Stab: Sleeping          ||     1
  Eat: Chunk             ||     6
Armor: Skin              ||     1
Dodge: Dodged            ||    10

Table legend:
 A = Non-vault XP
 B = Vault XP
 C = Vault XP percentage of total XP
 D = Non-vault monster count
 E = Vault monster count
 F = Vault count percentage of total count
                 A         B        C        D         E       F
            +---------+---------+-------+---------+---------+-------
      Total |      14 |       0 |   0.0 |       9 |       0 |   0.0
            +---------+---------+-------+---------+---------+-------
        D:1 |      14 |       0 |   0.0 |       9 |       0 |   0.0
            +---------+---------+-------+---------+---------+-------
